 Dungeon Crawl Stone Soup version 0.30-a0-263-ge22c4ad894 (webtiles) character file.

Game seed: 16966266049474760944

119023 treertat the Convoker (level 16, -1/117 HPs)
             Began as a Merfolk Ice Elementalist on Oct 11, 2022.
             Was the Champion of Hepliaklqana.
             Hit by a silver javelin thrown by a merfolk javelineer (3 damage)
             ... on level 2 of the Shoals on Oct 13, 2022.
             The game lasted 02:39:47 (35805 turns).

treertat the Convoker (Merfolk Ice Elementalist)   Turns: 35805, Time: 02:39:48

Health: -1/117     AC: 18    Str:  9    XL:     16   Next: 78%
Magic:  8/38       EV: 21    Int: 20    God:    Hepliaklqana [******]
Gold:   980        SH:  0    Dex: 14    Spells: 7/33 levels left

rFire   + . .      SeeInvis .    B - +4 trident (vamp)
rCold   + . .      Faith    .    (no shield)
rNeg    . . .      Spirit   .    Z - +0 robe {rC+ rF+}
rPois   .          Reflect  .    u - +0 helmet
rElec   .          Harm     .    w - +2 cloak
rCorr   .          Rampage  .    D - +2 pair of gloves
Will    ++...      Clarity  +    (boots currently unavailable)
Stlth   +++.......               (no amulet)
HPRegen 0.39/turn                R - ring of magical power
MPRegen 0.26/turn                S - ring of wizardry

@: ice-armoured, freezing walls, studying Throwing, very quick
A: reduced essence, nimble swimmer 2, mertail, clarity, clumsy 1, strong-willed
1
a: Renounce Religion, Recall Ancestor, Ancestor Identity, Transference, Idealise


You were on level 2 of the Shoals.
You worshipped Hepliaklqana.
Hepliaklqana was exalted by your worship.
You visited 5 branches of the dungeon, and saw 25 of its levels.

You collected 3170 gold pieces.
You spent 2190 gold pieces at shops.

Inventory:

Hand Weapons
 n - a +2 spectral lajatang
 B - a +4 vampiric trident (weapon)
 T - the +9 quarterstaff "Impbane" {flame, Fly rCorr Str-4 Dex-4}
   (You took it off a yaktaur on level 10 of the Dungeon)

   It burns those it strikes, dealing additional fire damage.
   Str:       It affects your strength (-4).
   Dex:       It affects your dexterity (-4).
   Fly:       It grants you flight.
   rCorr:     It protects you from acid and corrosion.
 X - the +7 great mace "Firestarter" {inner flame, rF++}
   (You found it on level 10 of the Dungeon)

   It burns those it strikes, dealing additional fire damage.
   It fills those it strikes with an explosive inner flame.
   It grants immunity to clouds of flame.
   rF:        It greatly protects you from fire.
Armour
 j - a +0 pair of boots (melded)
 u - a +0 helmet (worn)
 w - a +2 cloak (worn)
 D - a +2 pair of gloves (worn)
 O - a +2 robe of willpower
 Z - a +0 robe of resistance (worn)
Jewellery
 b - a +4 ring of slaying
 h - a ring of ice
 m - a +6 ring of strength
 r - a ring of willpower
 t - an amulet of regeneration
 F - a +4 ring of protection
 J - an amulet of faith
 K - a +4 ring of evasion
 N - a +4 ring of protection
 P - a +6 ring of dexterity
 R - a ring of magical power (left hand)
 S - a ring of wizardry (right hand)
 V - a +4 ring of evasion
Wands
 d - a wand of quicksilver (18)
 s - a wand of digging (2)
 L - a wand of iceblast (17)
Scrolls
 g - a scroll of fog
 k - a scroll of enchant weapon
 o - 4 scrolls of fear
 q - 3 scrolls of magic mapping
 x - 4 scrolls of enchant armour
 A - a scroll of summoning
 E - 2 scrolls of amnesia
 H - 10 scrolls of identify
 I - 4 scrolls of poison
Potions
 a - a potion of might
 c - 3 potions of brilliance
 e - 5 potions of attraction
 f - 5 potions of flight
 i - 3 potions of mutation
 l - 2 potions of haste
 p - 2 potions of resistance
 v - a potion of heal wounds
 z - 3 potions of magic
 M - a potion of cancellation
 U - 2 potions of invisibility
Miscellaneous
 W - a lightning rod (4/4)


   Skills:
 - Level 13.2 Fighting
 * Level 13.6 Polearms
 - Level 11.4 Dodging
 - Level 2.1 Stealth
 - Level 9.1 Spellcasting
 - Level 2.3 Conjurations
 - Level 6.0 Hexes
 - Level 18.0 Summonings
 - Level 5.0 Necromancy
 - Level 10.5 Ice Magic


You had 7 spell levels left.
You knew the following spells:

 Your Spells              Type           Power      Damage    Failure   Level
a - Freeze                Ice            100%       1d10      1%          1
b - Frozen Ramparts       Ice            100%       1d16      1%          3
c - Hailstorm             Conj/Ice       35%        3d9       1%          3
d - Summon Hydra          Summ           34%        N/A       1%          7
e - Ozocubu's Armour      Ice            50%        N/A       1%          3
f - Lightning Bolt        Conj/Air       6%         1d18      45%         5
g - Anguish               Hex/Necr       15%        N/A       3%          4

Your spell library contained the following spells:

 Spells                   Type           Power      Damage    Failure   Level
 Shock                    Conj/Air       52%        1d6       1%          1
 Slow                     Hex            100%       N/A       1%          1
 Ensorcelled Hibernation  Hex/Ice        84%        N/A       1%          2
 Sublimation of Blood     Necr           29%        N/A       1%          2
 Confusing Touch          Hex            33%        N/A       1%          3
 Tukima's Dance           Hex            33%        N/A       1%          3
 Vampiric Draining        Necr           29%        2d8       1%          3
 Summon Ice Beast         Ice/Summ       60%        N/A       1%          4
 Summon Lightning Spire   Summ/Air       45%        N/A       1%          4
 Static Discharge         Conj/Air       26%        2-4/arc   2%          2
 Beastly Appendage        Tmut           18%        N/A       3%          1
 Wereblood                Tmut           9%         N/A       4%          2
 Mephitic Cloud           Conj/Pois/Air  12%        N/A       7%          3
 Spider Form              Tmut/Pois      9%         N/A       9%          3
 Leda's Liquefaction      Hex/Erth       10%        N/A       9%          4
 Yara's Violent Unravell  Hex/Tmut       10%        3d6       24%         5
 Airstrike                Air            4%         2d(1-17)  28%         4
 Passage of Golubria      Tloc           9%         N/A       28%         4
 Lee's Rapid Deconstruct  Erth           4%         3d6*      61%         5
 Statue Form              Tmut/Erth      6%         N/A       98%         6
 Lehudib's Crystal Spear  Conj/Erth      6%         10d3      100%        8


Dungeon Overview and Level Annotations

Branches:
Dungeon (15/15)            Temple (0/1) D:5            Lair (5/5) D:11
 Shoals (2/4) Lair:3       Spider (0/4) Lair:2        Slime (0/5) Lair:4
    Orc (2/2) D:10            Elf (0/3) Orc:2        Vaults (0/5) D:14
 Depths (1/4) D:15

Altars:
Cheibriados
Dithmenos
Elyvilon
Fedhas
Gozag
Hepliaklqana
Makhleb
Nemelex Xobeh
Qazlal
Sif Muna
Uskayaw
Vehumet
Yredelemnul
The Shining One
Jiyva

Shops:
D:3 :   D:7 (   D:10 =[   Orc:1 (   Orc:2 (=(?**   Shoals:1 !

Annotations:
D:3 2 transporters, Darkkill's ghost, weakling HuHu
Shoals:1 2 transporters, exclusion: orange crystal statue


Innate Abilities, Weirdness & Mutations

Your life essence is reduced to manifest your ancestor. (-10% HP)
You are very nimble when in or above water. (Stealth+, EV+, Speed+++)
Your lower body shifts to a powerful aquatic tail in water.
You possess an exceptional clarity of mind.
You are clumsy. (Dex -2)
You are strong-willed. (Will+)


Message History

The silver javelin pierces through Reynolca!
The silver javelin pierces through you! The silver sears you!
* * * LOW HITPOINT WARNING * * *
Casting: Summon Hydra (dangerous; 1% risk of failure)
Confirm with . or Enter, or press ? or * to list all spells.
Casting: Frozen Ramparts (safe; 1% risk of failure)
Press: ? - help, Dir - look around, f - activate Some shallow water.
The walls around you are covered in ice.
The wall freezes the merfolk!
The merfolk barely misses you.
Reynolca barely misses the merfolk javelineer.
Reynolca hits the merfolk with a +0 broad axe of flaming.
Reynolca burns the merfolk.
The merfolk javelineer throws a silver javelin.
The silver javelin pierces through Reynolca!!
Reynolca is destroyed!
The silver javelin pierces through you!
* * * LOW HITPOINT WARNING * * *
The silver sears you!
* * * LOW HITPOINT WARNING * * *
The silver javelin pierces through your eight-headed hydra!!
Casting: Frozen Ramparts (safe; 1% risk of failure)
Confirm with . or Enter, or press ? or * to list all spells.
A film of ice covers your body!
The wall freezes the merfolk.
The merfolk completely misses you.
The merfolk javelineer throws a silver javelin.
The silver javelin pierces through you.
* * * LOW HITPOINT WARNING * * *
The silver sears you!
* * * LOW HITPOINT WARNING * * *
Casting: Ozocubu's Armour (safe; 1% risk of failure)
Confirm with . or Enter, or press ? or * to list all spells.
A four-headed hydra appears.
The wall freezes the merfolk!
The merfolk throws a boomerang of dispersal.
The boomerang of dispersal completely misses you.
The merfolk javelineer throws a silver javelin.
The silver javelin pierces through you!!
* * * LOW HITPOINT WARNING * * *
The silver sears you!
You die...

≈~~~...~~~~~..........#.~~~~~~.~~
≈~~~~~~~~~~~.##.....~...~~~....~.
≈≈~~~~~~~~~..####....#.~~~~.#####
≈≈≈~~~~~~~~..## ##...##~~~..#
≈≈≈≈≈≈~~~~~.^.####.....~~~~.#
≈≈≈≈≈≈~~~~~....#......~~~~.##
≈≈≈≈≈≈≈~~~~~.......~~~~~...#
≈≈≈≈≈≈≈~~~~~~..D~~~~~~~~~.##
≈≈≈≈≈≈≈≈~~~.~~..@~~~~.....##
≈≈≈≈≈≈≈~~~~~~~###~D~~~~.....#
≈≈≈≈≈≈~~~~~... #mm~~~~~.....####
≈≈≈≈≈≈~~~~~....m~~~~~~..~....#.
≈≈≈≈≈~~~~~~.m.)~~~~~...~~..)..
~~~......~~~~~..~~~)~~... ~
~~.....~~~~~..~~~)~~~.~
~~~...~~~~~~~~~~~~~...†
~~~~~..~~~~~~~~~~~~....


You could see a merfolk javelineer (ally target), 2 merfolk, a friendly
eight-headed hydra (summoned) and a friendly four-headed hydra (summoned).

Vanquished Creatures
  A vault guard (D:14)
  An ogre mage (D:15)
  A centaur warrior (D:10)
  A satyr (Shoals:2)
  2 merfolk avatars
  2 catoblepae
  A two-headed ogre (D:15)
  3 orc high priests
  A skeletal warrior (D:12)
  A lindwurm (Lair:2)
  4 orc knights
  2 ugly things
  2 manticores
  A merfolk siren (Shoals:2)
  6 elephants
  A gargoyle (D:14)
  5 cane toads
  An orange demon (Lair:1)
  5 komodo dragons
  A yaktaur (D:10)
  A wind drake (Shoals:1)
  4 trolls
  A hornet (D:10)
  2 slime creatures (D:15)
  5 blink frogs
  3 culicivoras (Lair:2)
  A snapping turtle (Shoals:1)
  Sigmund (D:2)
  A basilisk (Lair:5)
  A wyvern (D:8)
  14 yaks
  A warg (Orc:2)
  2 acid dragons (D:10)
  5 water moccasins
  11 orc warriors
  An ice beast (D:7)
  2 black bears (D:6)
  7 ogres
  7 wolves
  5 centaurs
  A boggart (D:14)
  A phantom (D:5)
  A kobold brigand (D:7)
  A gnoll sergeant (D:10)
  2 scorpions
  6 bullfrogs
  3 wights
  9 killer bees
  2 electric eels
  3 jellies
  3 hounds
  8 orc priests
  Ijyb (D:3)
  Terence (D:2)
  2 iguanas
  15 orc wizards
  Robin (D:4)
  7 gnolls
  9 adders
  2 white imps (D:6)
  A nameless horror (Orc:2)
  An ufetubus (D:5)
  2 worms (D:2)
  2 dart slugs
  43 orcs
  5 bats
  8 endoplasms
  5 giant cockroaches
  19 goblins
  8 hobgoblins
  7 jackals
  2 quokkas (D:1)
  9 ball pythons
  3 frilled lizards
  9 kobolds
  8 rats
327 creatures vanquished.

Vanquished Creatures (collateral kills)
  Rupert (Lair:3)
  A lich (D:15)
  A kraken (Shoals:2)
  A very ugly thing (Depths:1)
  A dire elephant (Lair:5)
  An ettin (Depths:1)
  A merfolk impaler (Shoals:2)
  3 vault guards (D:14)
  4 hydras
  A rakshasa (D:15)
  A merfolk avatar (Lair:5)
  An alligator snapping turtle (Shoals:1)
  A merfolk aquamancer (Shoals:2)
  6 centaur warriors
  3 boulder beetles
  7 two-headed ogres
  4 death yaks (Lair:5)
  A tengu warrior (D:13)
  An orc high priest (Orc:2)
  8 skeletal warriors
  Amaemon (Lair:1)
  6 sea snakes
  Lodul (D:12)
  2 wizards (D:15)
  A necromancer (D:15)
  A deep elf zephyrmancer (D:15)
  4 harpies
  2 orc knights
  A deep elf pyromancer (D:12)
  17 ugly things
  A manticore (shapeshifter) (D:15)
  4 orc sorcerers (Orc:2)
  9 manticores
  2 fauns (Shoals:2)
  4 cyclopes
  2 merfolk sirens
  8 elephants (Lair:4)
  3 black mambas
  2 water nymphs (Shoals:1)
  2 centaur zombies (D:15)
  A naga mage (D:15)
  A torpor snail (Lair:4)
  6 cane toads
  3 gargoyles
  A centaur skeleton (D:15)
  An efreet (D:15)
  4 rime drakes
  6 komodo dragons
  3 yaktaurs (D:15)
  A tengu conjurer (D:13)
  6 trolls
  6 merfolk
  A meliai (D:15)
  3 hornets
  4 polar bears
  A wolf spider simulacrum (D:15)
  10 blink frogs
  4 slime creatures (D:15)
  A wind drake (Shoals:2)
  6 dream sheep (Lair:4)
  4 snapping turtles
  A shadow (D:11)
  2 centaur simulacra
  A culicivora (Lair:2)
  10 water elementals
  2 wraiths
  3 basilisks
  3 nameless horrors
  30 yaks
  5 wyverns
  A vampire mosquito (D:10)
  2 steam dragons (Lair:5)
  2 wargs
  Menkaure (D:4)
  6 water moccasins
  An acid dragon (D:8)
  12 orc warriors
  A sky beast (D:7)
  A black bear (Lair:2)
  A meliai simulacrum (D:14)
  3 ogres (D:12)
  8 wolves
  3 centaurs
  4 bullfrogs
  Blork the orc (D:5)
  A kobold brigand (D:9)
  2 necrophages
  11 wights
  6 killer bees
  4 howler monkeys
  3 electric eels (D:10)
  3 jellies
  2 hounds (D:11)
  11 orc priests
  2 gnoll boudas (D:8)
  12 orc wizards
  7 gnolls
  2 adders
  An ufetubus (D:7)
  30 orcs
  An endoplasm (Lair:4)
  A hobgoblin (D:4)
  A jackal (D:4)
  A kobold (D:7)
  2 butterflies (Lair:1)
401 creatures vanquished.

Vanquished Creatures (others)
  A manticore (Shoals:1)
  A merfolk (Shoals:2)
  21 knights
  7 ancestors
  13 fungi
  72 plants
  4 tentacles (Shoals:2)
  3 toadstools (D:2)
122 creatures vanquished.

Grand Total: 850 creatures vanquished

Notes
Turn   | Place    | Note
-------+----------+-------------------------------------------
     0 | D:1      | treertat the Merfolk Ice Elementalist began the quest for
                  | the Orb.
     0 | D:1      | Reached XP level 1. HP: 13/13 MP: 3/3
   237 | D:1      | Reached XP level 2. HP: 16/19 MP: 5/5
   395 | D:1      | Reached skill level 5 in Ice Magic
   930 | D:1      | Reached XP level 3. HP: 24/24 MP: 3/6
  1203 | D:2      | Noticed Sigmund
  1409 | D:2      | Killed Sigmund
  1410 | D:2      | Reached XP level 4. HP: 19/30 MP: 2/7
  1410 | D:2      | Reached XP level 5. HP: 22/35 MP: 2/8
  1919 | D:2      | Noticed Terence
  1926 | D:2      | Killed Terence
  1927 | D:2      | Reached XP level 6. HP: 29/41 MP: 5/9
  1964 | D:2      | Learned a level 3 spell: Frozen Ramparts
  2440 | D:3      | Noticed Darkkill's ghost (weakling HuHu)
  2440 | D:3      | Found a transporter.
  2447 | D:3      | Found a transporter.
  2491 | D:3      | Found Fegurruext's Book Shop.
  2597 | D:3      | Found a hazy altar of Hepliaklqana.
  2600 | D:3      | Noticed Ijyb
  2619 | D:3      | Killed Ijyb
  2735 | D:3      | Became a worshipper of Hepliaklqana the Forgotten
  2800 | D:3      | Learned a level 4 spell: Summon Ice Beast
  3454 | D:4      | Reached skill level 1 in Fighting
  3454 | D:4      | Reached skill level 1 in Summonings
  3564 | D:4      | Found a shadowy altar of Dithmenos.
  3568 | D:4      | Reached XP level 7. HP: 48/48 MP: 10/10
  3729 | D:4      | Noticed Robin
  3748 | D:4      | Killed Robin
  3923 | D:4      | Found a stormy altar of Qazlal.
  3930 | D:4      | Reached * piety under Hepliaklqana
  3979 | D:4      | Reached skill level 2 in Summonings
  4580 | D:4      | Noticed Menkaure
  4600 | D:4      | Gained mutation: Armour fits poorly on your strangely
                  | shaped body. [potion of mutation]
  4600 | D:4      | Gained mutation: Your spells are a little harder to cast,
                  | but a little more powerful. [potion of mutation]
  4601 | D:4      | Killed Menkaure
  4602 | D:4      | Reached skill level 5 in Dodging
  4602 | D:4      | Reached skill level 3 in Summonings
  4610 | D:4      | Lost mutation: Your spells are a little harder to cast, but
                  | a little more powerful. [potion of mutation]
  4610 | D:4      | Lost mutation: Armour fits poorly on your strangely shaped
                  | body. [potion of mutation]
  4610 | D:4      | Gained mutation: You are strong-willed. (Will+) [potion of
                  | mutation]
  4610 | D:4      | Gained mutation: You are clumsy. (Dex -2) [potion of
                  | mutation]
  4610 | D:4      | Gained mutation: You possess an exceptional clarity of
                  | mind. [potion of mutation]
  4891 | D:5      | Entered Level 5 of the Dungeon
  4936 | D:5      | Identified the +2 ring mail of Behoas {Rampage Stlth+}
  5047 | D:5      | Found a staircase to the Ecumenical Temple.
  5116 | D:5      | Reached XP level 8. HP: 54/54 MP: 1/11
  5365 | D:5      | Reached skill level 4 in Summonings
  5450 | D:5      | Noticed Blork the orc
  5465 | D:5      | Killed Blork the orc
  5747 | D:5      | Reached skill level 5 in Fighting
  5879 | D:6      | Noticed a yak
  5879 | D:6      | Noticed a yak
  6226 | D:6      | Reached skill level 5 in Summonings
  6226 | D:6      | Reached XP level 9. HP: 61/61 MP: 12/12
  6414 | D:6      | Reached skill level 6 in Summonings
  6849 | D:6      | Found a blossoming altar of Fedhas.
  6849 | D:6      | Found a shimmering blue altar of Sif Muna.
  6970 | D:7      | Reached skill level 7 in Summonings
  7027 | D:7      | Found a sparkling altar of Nemelex Xobeh.
  7095 | D:7      | Found Vareerig's Antique Weapon Emporium.
  7395 | D:7      | Reached XP level 10. HP: 71/71 MP: 9/13
  7586 | D:7      | Reached ** piety under Hepliaklqana
  7716 | D:8      | Reached skill level 8 in Summonings
  7829 | D:7      | Remembered your ancestor Reynolca as a knight
  7903 | D:8      | Found a radiant altar of Vehumet.
  8029 | D:8      | Reached skill level 9 in Summonings
  8438 | D:9      | Found a burning altar of Makhleb.
  8505 | D:9      | Found a hide-covered altar of Uskayaw.
  8558 | D:9      | Upgraded the game from 0.30-a0-242-g7bf8e6d787 to
                  | 0.30-a0-250-g41c1d76940
  8821 | D:9      | Reached skill level 10 in Summonings
  9019 | D:9      | Reached *** piety under Hepliaklqana
  9130 | D:9      | Reached XP level 11. HP: 80/80 MP: 8/14
  9377 | D:9      | Found a white marble altar of Elyvilon.
  9425 | D:10     | Entered Level 10 of the Dungeon
  9599 | D:10     | Found a staircase to the Orcish Mines.
  9601 | D:10     | Noticed an orc knight
  9845 | D:10     | Found Eruwu's Armour Boutique.
  9872 | D:10     | Reached skill level 11 in Summonings
  9879 | D:10     | Reached skill level 10 in Fighting
 10058 | D:10     | Killed an orc knight
 10228 | Orc:1    | Entered Level 1 of the Orcish Mines
 10481 | Orc:1    | Noticed an orc high priest
 10496 | Orc:1    | Killed an orc high priest
 10497 | Orc:1    | Reached skill level 12 in Summonings
 11053 | Orc:1    | Found Ucuoggilog's Weapon Shoppe.
 11172 | Orc:2    | Entered Level 2 of the Orcish Mines
 11279 | Orc:2    | Noticed an orc sorcerer
 11286 | Orc:2    | Killed an orc sorcerer
 11300 | Orc:2    | Found Juatod's Specific Store.
 11333 | Orc:2    | Found Roczaz's General Store.
 11681 | Orc:2    | Found a staircase to the Elven Halls.
 11793 | Orc:2    | Noticed an orc knight
 12062 | Orc:2    | Killed an orc knight
 12301 | Orc:2    | Noticed an orc knight
 12302 | Orc:2    | Noticed an orc knight
 12306 | Orc:2    | Reached skill level 13 in Summonings
 12306 | Orc:2    | Noticed an orc sorcerer
 12309 | Orc:2    | Noticed an orc high priest
 12360 | Orc:1    | Killed an orc knight
 12361 | Orc:1    | Reached XP level 12. HP: 80/90 MP: 3/15
 12522 | Orc:2    | Killed an orc high priest
 12629 | Orc:2    | Noticed a sun demon
 12920 | Orc:2    | Noticed an orc high priest
 12924 | Orc:2    | Noticed an orc high priest
 13134 | Orc:2    | Bought a scroll of identify for 28 gold pieces
 13134 | Orc:2    | Bought a scroll of teleportation for 42 gold pieces
 13186 | Orc:2    | Noticed a soul eater
 13391 | Orc:2    | Killed an orc high priest
 13524 | Orc:2    | Noticed a sun demon
 13617 | Orc:2    | Reached skill level 14 in Summonings
 13621 | Orc:2    | Killed an orc high priest
 13627 | Orc:2    | Found Genlonn's Antique Weapon Shoppe.
 13627 | Orc:2    | Found Racuu's Jewellery Boutique.
 13629 | Orc:2    | Found Huoqates's Weapon Shoppe.
 13629 | Orc:2    | Found Naeleh's Magic Scroll Boutique.
 13638 | Orc:2    | Bought a scroll of teleportation for 45 gold pieces
 13638 | Orc:2    | Bought a scroll of vulnerability for 60 gold pieces
 13638 | Orc:2    | Bought a scroll of fear for 60 gold pieces
 13638 | Orc:2    | Bought a scroll of teleportation for 45 gold pieces
 13638 | Orc:2    | Bought a scroll of enchant armour for 112 gold pieces
 13638 | Orc:2    | Bought a scroll of identify for 30 gold pieces
 13640 | Orc:2    | Bought a ring of magical power for 320 gold pieces
 13640 | Orc:2    | Bought a ring of wizardry for 480 gold pieces
 13713 | Orc:2    | Learned a level 7 spell: Summon Hydra
 13838 | D:10     | Found Siptoxono's Jewellery Emporium.
 13848 | D:10     | Found a snail-covered altar of Cheibriados.
 13899 | D:10     | Reached **** piety under Hepliaklqana
 13999 | D:10     | Found a basalt altar of Yredelemnul.
 14682 | D:10     | Noticed a centaur warrior
 14682 | D:10     | Found the +7 great mace "Firestarter" {inner flame, rF++}
 14683 | D:10     | Noticed a centaur warrior
 14686 | D:10     | Noticed a centaur warrior
 14833 | D:10     | Killed a centaur warrior
 14838 | D:10     | Identified the +9 quarterstaff "Impbane" {flame, Fly rCorr
                  | Str-4 Dex-4}
 15144 | D:10     | Killed a centaur warrior
 15145 | D:10     | Reached skill level 15 in Summonings
 15268 | D:10     | Found a glowing golden altar of the Shining One.
 15952 | D:11     | Reached XP level 13. HP: 95/98 MP: 16/16
 16153 | D:11     | Found a staircase to the Lair.
 16368 | Lair:1   | Entered Level 1 of the Lair of Beasts
 16821 | Lair:1   | Noticed Amaemon
 16830 | Lair:1   | Killed Amaemon
 17583 | Lair:2   | Reached skill level 16 in Summonings
 17998 | Lair:2   | Reached ***** piety under Hepliaklqana
 18280 | Lair:2   | Found a hole to the Spider Nest.
 19176 | Lair:3   | Reached skill level 5 in Spellcasting
 19311 | Lair:3   | Found a staircase to the Shoals.
 19544 | Lair:3   | Reached skill level 17 in Summonings
 19653 | Lair:3   | Noticed Rupert
 19674 | Lair:3   | Killed Rupert
 20149 | Lair:4   | Reached XP level 14. HP: 80/106 MP: 14/22
 20237 | Lair:4   | Found a viscous altar of Jiyva.
 20238 | Lair:4   | Found a staircase to the Slime Pits.
 20561 | Lair:4   | You fall into a shaft and drop 1 floor!
 20561 | Lair:5   | Entered Level 5 of the Lair of Beasts
 21691 | Lair:4   | Reached skill level 18 in Summonings
 22036 | D:3      | Bought a book of Storms for 352 gold pieces
 22036 | D:3      | Bought the Enchiridion on the Caves and the Tempest for 396
                  | gold pieces
 22036 | D:3      | Bought a book of Frost for 220 gold pieces
 22040 | D:3      | Learned a level 3 spell: Hailstorm
 22081 | D:4      | Upgraded the game from 0.30-a0-250-g41c1d76940 to
                  | 0.30-a0-263-ge22c4ad894
 22325 | Lair:4   | Reached skill level 1 in Conjurations
 23189 | Lair:5   | Paralysed by a hornet for 1 turns
 23570 | Lair:5   | Noticed a dire elephant
 23577 | Lair:5   | Killed a dire elephant
 23602 | Lair:5   | Learned a level 3 spell: Ozocubu's Armour
 24480 | Lair:5   | Reached skill level 10 in Dodging
 25710 | D:12     | Reached ****** piety under Hepliaklqana
 25716 | D:12     | Noticed Lodul
 25728 | D:12     | Reached XP level 15. HP: 101/111 MP: 24/27
 25729 | D:12     | Killed Lodul
 25975 | D:12     | Reached skill level 10 in Ice Magic
 27336 | D:13     | Learned a level 5 spell: Lightning Bolt
 27411 | D:13     | Reached skill level 1 in Polearms
 27537 | D:13     | Learned a level 4 spell: Anguish
 27820 | D:14     | Reached skill level 1 in Hexes
 27821 | D:14     | Reached skill level 1 in Necromancy
 28328 | D:14     | Found a gate to the Vaults.
 29637 | D:15     | Entered Level 15 of the Dungeon
 29758 | D:15     | Reached skill level 5 in Hexes
 29777 | D:15     | Found an opulent altar of Gozag.
 30010 | D:15     | Reached skill level 5 in Necromancy
 30375 | D:15     | Reached XP level 16. HP: 117/117 MP: 28/29
 30477 | D:15     | Reached skill level 5 in Polearms
 31278 | D:15     | Found a staircase to the Depths.
 31466 | Depths:1 | Entered Level 1 of the Depths
 31479 | Depths:1 | Noticed a lich
 31500 | D:15     | HP: 2/110 [something/bolt of cold (27)]
 31835 | D:15     | Killed a lich
 32184 | Shoals:1 | Entered Level 1 of the Shoals
 32525 | Shoals:1 | Reached skill level 10 in Polearms
 33166 | Shoals:1 | Found Oxaifam's Distillery.
 33874 | Shoals:1 | Found a transporter.
 33958 | Shoals:1 | Found a transporter.
 35007 | Shoals:2 | Noticed a kraken
 35019 | Shoals:2 | Killed a kraken
 35805 | Shoals:2 | HP: 2/117 [merfolk javelineer/silver javelin (20)]
 35805 | Shoals:2 | Hit by a silver javelin thrown by a merfolk javelineer

Illustrated notes

Levels and vault maps discovered:
D:1:      ebering_trefoil_twist, layout_loops_corners,
          wander_ebering_terrifying_dragon_lair
D:2:      layout_loops_ring, minmay_gold_behind_fungi, grunt_ministairs_14,
          minmay_tetromino_i4, uniq_terence, uniq_sigmund
D:3:      layout_loops_cross, amcnicky_altar_gilded, gammafunk_ghost_arena,
          serial_shops, shop, uniq_ijyb
D:4:      layout_basic, lemuel_crystal_altar, nicolae_qazlal_general_emergency,
          minmay_liquid_box, uniq_menkaure, uniq_robin
D:5:      layout_loops_ring, minmay_temple_entry_nine_rooms, grunt_ministairs_5,
          uniq_blork_the_orc
D:6:      minmay_general_purpose_star, layout_rooms,
          gammafunk_temple_overflow_pools
D:7:      layout_rooms, mainiacjoe_overflow_tiny_flanked, serial_aquarium,
          aquarium_bridge_straight [aquarium_subvault_bridge,
          aquarium_subvault_window, aquarium_subvault_bridge,
          aquarium_subvault_wall], aquarium_window_1, aquarium_window_fake,
          aquarium_window_fake, aquarium_view_2b, aquarium_view_2b,
          aquarium_balcony_double_2, aquarium_pool_corner, serial_shops, shop
D:8:      layout_rooms, mainiacjoe_overflow_cross_hatched
D:9:      layout_loops_corners, mainiacjoe_overflow_brackets,
          mainiacjoe_overflow_large_starburst
D:10:     minmay_the_grid_triangle_9x9_recursive_2
          [minmay_the_grid_triangle_9x9_prize_center,
          minmay_the_grid_triangle_9x9_from_above,
          minmay_the_grid_triangle_9x9_flanged_cone,
          minmay_the_grid_triangle_9x9_sparse_checkered], layout_basic,
          lemuel_round_altar, mainiacjoe_overflow_concentric_impassable,
          mainiacjoe_overflow_boulevard, orc_david_3, serial_shops,
          nicolae_shop_hallway_plus, kennysheep_mini_moat,
          kennysheep_small_square
D:11:     layout_stronghold, erik_lair_island, serial_bayou_crossing
D:12:     layout_loops_ring, uniq_lodul
D:13:     layout_basic
D:14:     layout_basic, lightli_vaults_fourway_checkpoint, roderic_lattice_a
D:15:     grunt_enter_depths_magical_seal, layout_stronghold,
          nicolae_gozag_cash_rules_everything_around_me, st_stairs_2,
          hangedman_glass_teeth, small_statue_intersection
Lair:1:   layout_gridlike, lemuel_fruit_fields, lemuel_fruit_fields,
          uniq_amaemon
Lair:2:   layout_regular_city, hellmonk_spider_entry_life_and_decay
Lair:3:   hellmonk_destroyed_diamonds, layout_regular_city,
          minmay_shoals_entry_lonely_mermaid, uniq_rupert
Lair:4:   layout_cave_pods, nicolae_slime_entry_slimehenge, serial_forest,
          infiniplex_forest_lined_room_2, infiniplex_forest_straight_2,
          infiniplex_forest_clump_large, infiniplex_forest_clump_tiny,
          infiniplex_forest_end_2, infiniplex_forest_side_room,
          infiniplex_forest_straight_4, infiniplex_forest_side_room,
          infiniplex_forest_lined_room_, infiniplex_staircase_pool_2
Lair:5:   gammafunk_lair_ancient_temple, layout_small_grid, lemuel_fruit_tree,
          serial_bayou_shore_b
Shoals:1: gammafunk_sealed_arena, layout_shoals, serial_shops,
          nicolae_shop_trees, nicolae_shoals_water_elemental_grotto
Shoals:2: layout_shoals
Orc:1:    layout_diamond_mine, serial_shops, nicolae_lakefront_shop,
          basic_altar, hellmonk_bongcloud_opening
Orc:2:    grunt_orc_tribal_feast, layout_diamond_mine, nicolae_specific_store,
          david_defended_altar_orc
Depths:1: layout_gridlike, pf_coc_iceberg, kennysheep_boxes,
          abyss_entry_crystal, kennysheep_path_1, grunt_decor_mini_mirrors

Skill      XL: |  1  2  3  4  5  6  7  8  9 10 11 12 13 14 15 16 |
---------------+-------------------------------------------------+-----
Ice Magic      | 5 7 8 9 10 | 10.5
Fighting       | 1 3 5 7 9 11 12 13 | 13.2
Dodging        | 3 5 7 8 10 11 | 11.4
Summonings     | 1 3 5 7 10 13 15 17 18 | 18.0
Spellcasting   | 5 8 9 |  9.1
Conjurations   | 2 |  2.3
Polearms       | 3 13 | 13.6
Hexes          | 6 |  6.0
Necromancy     | 5 |  5.0
Stealth        | |  2.1

Action                   |  1- 3 |  4- 6 |  7- 9 | 10-12 | 13-15 | 16-18 || total
-------------------------+-------+-------+-------+-------+-------+-------++-------
Melee: Dagger            |    50 |    97 |    17 |       |       |       ||   164
       Morningstar       |       |       |    18 |       |       |       ||    18
       Punch             |       |       |     1 |     3 |     1 |     1 ||     6
       Trident           |       |       |    54 |   319 |   320 |   123 ||   816
       Tailslap          |       |       |       |       |       |     5 ||     5
       Lajatang          |       |       |       |       |       |     3 ||     3
Throw: Boomerang         |       |       |       |     4 |       |       ||     4
 Cast: Freeze            |    27 |    42 |    30 |    37 |    54 |     3 ||   193
       Frozen Ramparts   |       |     4 |    29 |    66 |    66 |     8 ||   173
       Summon Ice Beast  |       |       |     3 |    50 |       |       ||    53
       Summon Hydra      |       |       |       |       |    87 |    51 ||   138
       Hailstorm         |       |       |       |       |    13 |     5 ||    18
       Ozocubu's Armour  |       |       |       |       |     7 |     9 ||    16
       Anguish           |       |       |       |       |       |     2 ||     2
Invok: Ancestor Identity |       |       |     1 |       |       |       ||     1
       Ancestor Life: Kn |       |       |       |     1 |       |       ||     1
       Recall Ancestor   |       |       |       |       |     6 |     8 ||    14
       Idealise          |       |       |       |       |     1 |       ||     1
Evoke: Wand              |       |       |       |       |     3 |       ||     3
  Use: Scroll            |       |     2 |     7 |     8 |    13 |    10 ||    40
       Potion            |       |       |     5 |     5 |     7 |       ||    17
 Stab: Sleeping          |     4 |     3 |     2 |       |     2 |       ||    11
       Distracted        |       |       |       |     3 |     9 |     5 ||    17
Armor: Robe              |     8 |    29 |    31 |    94 |   117 |    28 ||   307
Dodge: Dodged            |    32 |    73 |   114 |   228 |   333 |   104 ||   884

Table legend: (Time is in decaauts)
 A = Elapsed time spent in this place.
 B = Non-inter-level travel time spent in this place.
 C = Inter-level travel time spent in this place.
 D = Time resting spent in this place.
 E = Time spent auto-exploring this place.
 F = Levels seen in this place.
 G = Mean time per level.
                   A        B        C        D        E       F      G
               +--------+--------+--------+--------+--------+-----+--------+
         Total |  35608 |  33934 |   1674 |   9248 |  17778 |  25 | 1424.3 |
       Dungeon |  20106 |  19220 |    886 |   4193 |  11257 |  15 | 1340.4 |
          Lair |   9630 |   9157 |    473 |   3546 |   4016 |   5 | 1926.0 |
        Shoals |   2213 |   2181 |     32 |    620 |   1021 |   2 | 1106.5 |
  Orcish Mines |   3643 |   3361 |    282 |    889 |   1483 |   2 | 1821.5 |
        Depths |     15 |     15 |      0 |      0 |      0 |   1 |   15.0 |
               +--------+--------+--------+--------+--------+-----+--------+

Top non-repeatable levels by time:
  Lair:4: 3025 daAuts
  Lair:3: 2726 daAuts
    D:10: 2624 daAuts
    D:14: 2375 daAuts
  Lair:2: 1946 daAuts
   Orc:2: 1918 daAuts
    D:15: 1898 daAuts
   Orc:1: 1724 daAuts
     D:4: 1526 daAuts
     D:9: 1321 daAuts
     D:2: 1219 daAuts
     D:1: 1216 daAuts
  Lair:5: 1206 daAuts
    D:11: 1171 daAuts
     D:5: 1137 daAuts
